 Dungeon Crawl Stone Soup version 0.29.0-11-gd7f09526c8 (webtiles) character file.

Game seed: 17364602117927087625

109 LustLizard the Vexing (level 4, 0/34 HPs)
             Began as a Gnoll Arcane Marksman on Sept 3, 2022.
             Slain by an orc
             ... wielding a +0 war axe
              (4 damage)
             ... on level 4 of the Dungeon.
             The game lasted 00:04:26 (2660 turns).

LustLizard the Vexing (Gnoll Arcane Marksman)       Turns: 2660, Time: 00:04:27

Health: 0/34       AC:  6    Str: 15    XL:     4   Next: 90%
Magic:  4/8        EV: 13    Int: 15    God:
Gold:   163        SH:  0    Dex: 12    Spells: 8/9 levels left

rFire   . . .      SeeInvis +   a - +1 sling
rCold   . . .      Faith    .   (no shield)
rNeg    . . .      Spirit   .   f - +0 leather armour
rPois   .          Reflect  .   (no helmet)
rElec   .          Harm     .   n - +0 cloak "Cenem" {Contam rCorr SInv Stlth-}
rCorr   +          Rampage  .   i - +0 pair of gloves
Will    .....                   t - +0 pair of boots
Stlth   ..........              (no amulet)
HPRegen 0.11/turn               o - +6 ring of strength
MPRegen 0.11/turn               (no ring)

@: no status effects
A: fangs 1, strong nose, distributed training
a: no special abilities


You were on level 4 of the Dungeon.
You visited 1 branch of the dungeon, and saw 4 of its levels.

You collected 163 gold pieces.

Inventory:

Hand Weapons
 a - a +1 sling (weapon)
 l - a +2 dagger of holy wrath
Missiles
 d - 7 poisoned darts
 e - 26 stones
 p - 5 curare-tipped darts
Armour
 c - a +0 robe
 f - a +0 leather armour (worn)
 i - a +0 pair of gloves (worn)
 n - the +0 cloak "Cenem" (worn) {Contam rCorr SInv Stlth-}
   (You found it on level 2 of the Dungeon)

   SInv:      It lets you see invisible.
   Contam:    It causes magical contamination when unequipped.
   rCorr:     It protects you from acid and corrosion.
   Stlth:     It makes you less stealthy.
 t - a +0 pair of boots (worn)
Jewellery
 o - a +6 ring of strength (left hand)
Wands
 m - a wand of flame (14)
Scrolls
 b - 2 scrolls of poison
 g - 4 scrolls of identify {unknown}
 j - a scroll of silence {unknown}
 q - 2 scrolls of teleportation {unknown}
Potions
 h - a potion of attraction {unknown}
 k - a potion of curing {unknown}
 r - a potion of haste {unknown}
 s - a potion of heal wounds {unknown}


   Skills:
 + Level 2.9 Fighting
 + Level 1.3 Short Blades
 + Level 1.3 Long Blades
 + Level 1.3 Axes
 + Level 1.3 Maces & Flails
 + Level 1.3 Polearms
 + Level 1.3 Staves
 + Level 4.7 Ranged Weapons
 + Level 1.3 Throwing
 + Level 1.3 Armour
 + Level 4.7 Dodging
 + Level 1.3 Stealth
 + Level 1.3 Shields
 + Level 1.3 Unarmed Combat
 + Level 3.1 Spellcasting
 + Level 1.1 Conjurations
 + Level 5.5 Hexes
 + Level 1.1 Summonings
 + Level 1.1 Necromancy
 + Level 1.1 Translocations
 + Level 1.1 Transmutations
 + Level 1.1 Fire Magic
 + Level 1.1 Ice Magic
 + Level 1.1 Air Magic
 + Level 1.1 Earth Magic
 + Level 1.1 Poison Magic
 + Level 1.5 Invocations
 + Level 1.3 Evocations


You had 8 spell levels left.
You knew the following spells:

 Your Spells              Type           Power      Damage    Failure   Level
a - Slow                  Hex            72%        N/A       2%          1

Your spell library contained the following spells:

 Spells                   Type           Power      Damage    Failure   Level
 Inner Flame              Hex/Fire       12%        N/A       19%         3
 Portal Projectile        Hex/Tloc       24%        N/A       19%         3
 Cause Fear               Hex            9%         N/A       26%         4
 Stone Arrow              Conj/Erth      10%        3d7       43%         3
 Animate Armour           Summ/Erth      10%        N/A       83%         4
 Iskenderun's Battlesphe  Conj           5%         2d6       99%         5
 Iron Shot                Conj/Erth      2%         9d2       100%        6
 Spellforged Servitor     Conj/Summ      2%         N/A       100%        7
 Lehudib's Crystal Spear  Conj/Erth      2%         10d2      100%        8


Dungeon Overview and Level Annotations

Branches:
Dungeon (4/15)
 Temple: D:4-7

Altars:
Gozag
Kikubaaqudgha
Xom


Innate Abilities, Weirdness & Mutations

You have very sharp teeth.
Your uncanny sense of smell can sniff out nearby items.
Your experience applies equally to all skills.


Message History

Aiming: Slow (safe; 2% risk of failure)
Press: ? - help, Q - select action, (/) - cycle Shift-Dir - straight line, f/p - hound
Aim: a hound (severely wounded, slow, chance to affect: 67%)
The hound seems to slow down.
The hound closely misses you. The orc closely misses you.
Unknown command.
Aiming: Slow (safe; 2% risk of failure)
Press: ? - help, Q - select action, (/) - cycle Shift-Dir - straight line, f/p - hound
Aim: a hound (severely wounded, slow, chance to affect: 67%)
The hound seems to slow down.
The orc hits you with a +0 war axe. The hound barely misses you.
Unknown command.
Aiming: Slow (safe; 2% risk of failure)
Press: ? - help, Q - select action, (/) - cycle Shift-Dir - straight line, f/p - hound
Aim: a hound (severely wounded, slow, chance to affect: 67%)
The hound seems to slow down.
The hound misses you. The orc hits you with a +0 war axe!
* * * LOW HITPOINT WARNING * * *
Casting: Slow (safe; 2% risk of failure)
Confirm with . or Enter, or press ? or * to list all spells.
Okay, then.
Aiming: Slow (safe; 2% risk of failure)
Press: ? - help, Q - select action, (/) - cycle Shift-Dir - straight line, f/p - hound
Aim: a hound (severely wounded, slow, chance to affect: 67%)
Okay, then.
Aiming: Slow (safe; 2% risk of failure)
Press: ? - help, Q - select action, (/) - cycle Shift-Dir - straight line, f/p - hound
Aim: a hound (severely wounded, slow, chance to affect: 67%)
Okay, then.
Fire: a) +1 sling
Press: ? - help, Q - select action, (/) - cycle Shift-Dir - straight line, f/p - hound
Aim: a hound (severely wounded, slow, 48% to hit)
You shoot a sling bullet. The sling bullet hits the hound.
The hound is severely wounded.
The dart slug launches a dart at you. The slug dart misses you.
The orc hits you but does no damage. The hound bites you but does no damage.
The dart slug launches a dart at you. The slug dart misses you.
The orc hits you with a +0 war axe.
You die...

.##########
..........#
#..w.....#
#.......>#
##.....h..#
......o@..#
.#........#
#........#
#........#
####.#####
#. #. #.


You could see a hound (slow), a dart slug and an orc.

Vanquished Creatures
  4 adders
  3 worms
  A dart slug (D:1)
  10 ball pythons
  8 endoplasms
  3 giant cockroaches
  8 goblins
  3 hobgoblins
  4 quokkas
  3 bats
  2 frilled lizards
  6 kobolds
  5 rats
60 creatures vanquished.

Vanquished Creatures (others)
  3 fungi (D:4)
3 creatures vanquished.

Grand Total: 63 creatures vanquished

Notes
Turn   | Place    | Note
-------+----------+-------------------------------------------
     0 | D:1      | LustLizard the Gnoll Arcane Marksman began the quest for
                  | the Orb.
     0 | D:1      | Reached XP level 1. HP: 17/17 MP: 4/4
   119 | D:1      | Reached XP level 2. HP: 23/23 MP: 5/5
   304 | D:1      | Found a faded altar of an unknown god.
   331 | D:1      | Reached XP level 3. HP: 28/28 MP: 7/7
   403 | D:1      | Reached skill level 1 in Invocations
   748 | D:2      | Found an opulent altar of Gozag.
   770 | D:2      | Reached skill level 1 in Short Blades
   770 | D:2      | Reached skill level 1 in Long Blades
   770 | D:2      | Reached skill level 1 in Axes
   770 | D:2      | Reached skill level 1 in Maces & Flails
   770 | D:2      | Reached skill level 1 in Polearms
   770 | D:2      | Reached skill level 1 in Staves
   770 | D:2      | Reached skill level 1 in Throwing
   770 | D:2      | Reached skill level 1 in Armour
   770 | D:2      | Reached skill level 1 in Stealth
   770 | D:2      | Reached skill level 1 in Shields
   770 | D:2      | Reached skill level 1 in Unarmed Combat
   770 | D:2      | Reached skill level 1 in Evocations
  1106 | D:2      | Reached XP level 4. HP: 33/34 MP: 8/8
  1358 | D:2      | Identified the +0 cloak "Cenem" {Contam rCorr SInv Stlth-}
  1760 | D:2      | Reached skill level 1 in Conjurations
  1760 | D:2      | Reached skill level 1 in Summonings
  1760 | D:2      | Reached skill level 1 in Necromancy
  1760 | D:2      | Reached skill level 1 in Translocations
  1760 | D:2      | Reached skill level 1 in Transmutations
  1760 | D:2      | Reached skill level 1 in Fire Magic
  1760 | D:2      | Reached skill level 1 in Ice Magic
  1760 | D:2      | Reached skill level 1 in Air Magic
  1760 | D:2      | Reached skill level 1 in Earth Magic
  1760 | D:2      | Reached skill level 1 in Poison Magic
  2208 | D:3      | Found a shimmering altar of Xom.
  2365 | D:3      | Found an ancient bone altar of Kikubaaqudgha.
  2660 | D:4      | Slain by an orc

Illustrated notes

Levels and vault maps discovered:
D:1:      dpeg_arrival_tiny_j, layout_rooms, ebering_ecumenical_altar_hall,
          minmay_ruptured
D:2:      layout_loops_ring, serial_co_window_serial, co_window_corner_a,
          co_window_of_opportunity_a, co_window_paths_b, co_window_paths_a,
          co_window_paths_b, co_window_paths_b, co_window_paths_b,
          co_window_unsneaky_path_e, co_window_cross_4, co_window_corner_b,
          co_window_sun, co_window_paths_d, glass_columns_c, glass_columns_b,
          glass_columns_a, basic_altar, minmay_misc_feat_square,
          minmay_pentomino_x4
D:3:      layout_basic, mainiacjoe_overflow_divided_tiny
D:4:      layout_rooms, mainiacjoe_overflow_alcove_4, amcnicky_altar_gilded,
          lemuel_temple_firewalk_b, chequers_hall_statues_y,
          chequers_serial_rivers_marsh, minmay_fire_ice_demons

Skill      XL: |  1  2  3  4 |
---------------+-------------+-----
Invocations    | 1 |  1.5
Short Blades   | 1 |  1.3
Long Blades    | 1 |  1.3
Axes           | 1 |  1.3
Maces & Flails | 1 |  1.3
Polearms       | 1 |  1.3
Staves         | 1 |  1.3
Throwing       | 1 |  1.3
Armour         | 1 |  1.3
Stealth        | 1 |  1.3
Shields        | 1 |  1.3
Unarmed Combat | 1 |  1.3
Evocations     | 1 |  1.3
Spellcasting   | 3 |  3.1
Conjurations   | 1 |  1.1
Summonings     | 1 |  1.1
Necromancy     | 1 |  1.1
Translocations | 1 |  1.1
Transmutations | 1 |  1.1
Fire Magic     | 1 |  1.1
Ice Magic      | 1 |  1.1
Air Magic      | 1 |  1.1
Earth Magic    | 1 |  1.1
Poison Magic   | 1 |  1.1
Fighting       | |  2.9
Ranged Weapons | |  4.7
Dodging        | |  4.7
Hexes          | |  5.5

Action                   |  1- 3 |  4- 6 || total
-------------------------+-------+-------++-------
 Fire: Sling             |   115 |   102 ||   217
 Cast: Slow              |       |     6 ||     6
Armor: Leather armour    |    14 |    18 ||    32
Dodge: Dodged            |    35 |    58 ||    93
